| TOP OF THE 1ST |
|
Batavia Clippers batting - Pitching for Oneonta Indians : LHP Alonso Prantera
|
|
Pitching: LHP Alonso Prantera
|
|
|
Batting: RHB Greg Tabor
|
0-0: Bunted foul 0-1: Ball 1-1: Foul Ball, location: 2F 1-2: Fly out, F8 (Flyball, 89D, EV 101.9 MPH)
|
|
Batting: LHB Mark Bingham
|
0-0: Ball 1-0: Foul Ball, location: 2F 1-1: Foul Ball, location: 2F 1-2: Ball 2-2: Ground out 4-3 (Groundball, 4, EV 104.4 MPH)
|
|
Batting: RHB Mickey Brantley
|
0-0: Called Strike 0-1: Ball 1-1: Called Strike 1-2: DOUBLE (Line Drive, 89D, EV 104.4 MPH)
|
|
Batting: RHB Dave Sax
|
0-0: Swinging Strike 0-1: Ball 1-1: Ball 2-1: Foul Ball, location: 2F 2-2: Ball 3-2: Ground out 5-3 (Groundball, 56S, EV 83.8 MPH)
|
| Top of the 1st over - 0 runs, 1 hit, 0 errors, 1 left on base; Batavia 0 - Oneonta 0 |
| BOTTOM OF THE 1ST |
|
Oneonta Indians batting - Pitching for Batavia Clippers : RHP Antonio Fadhel
|
|
Pitching: RHP Antonio Fadhel
|
|
|
Batting: LHB Steve Swinney
|
0-0: Called Strike 0-1: Ball 1-1: Ball 2-1: Foul Ball, location: 2F 2-2: Strikes out swinging
|
|
Batting: RHB William Luzinski
|
0-0: Called Strike 0-1: Ball 1-1: SINGLE (Line Drive, 4MD, EV 106.3 MPH)
|
|
Batting: LHB Lenny Nay
|
0-0: Ball 1-0: Called Strike 1-1: Fielders Choice at 2nd, 4-6 (Groundball, 4, EV 80.6 MPH)
|
|
Batting: LHB Frank Martinez
|
0-0: Ball 1-0: Ball 2-0: Ball 3-0: Called Strike 3-1: Fly out, F8 (Flyball, 8LXD, EV 89.4 MPH)
|
| Bottom of the 1st over - 0 runs, 1 hit, 0 errors, 1 left on base; Batavia 0 - Oneonta 0 |
| TOP OF THE 2ND |
|
Batavia Clippers batting - Pitching for Oneonta Indians : LHP Alonso Prantera
|
|
Batting: RHB Glenn Carpenter
|
0-0: Ball 1-0: Ball 2-0: SINGLE (Groundball, 6MD, EV 95.0 MPH)
|
|
Batting: RHB Jerry Lomastro
|
0-0: Called Strike 0-1: Called Strike 0-2: Ball 1-2: Foul Ball, location: 2F 1-2: Ball 2-2: Foul Ball, location: 2F 2-2: Ball 3-2: Foul Ball, location: 2F 3-2: Strikes out swinging
|
|
Batting: RHB Larry Kiesling
|
0-0: Ball Wild Pitch! Glenn Carpenter to second 1-0: Ball 2-0: Foul Ball, location: 2F 2-1: Ball 3-1: Foul Ball, location: 2F 3-2: SINGLE (Groundball, 56, EV 93.8 MPH) Glenn Carpenter to third Runner from 3rd tries for Home, SAFE, throw by LF to home Larry Kiesling to second
|
|
Batting: RHB Jorge Gonzalez
|
0-0: Foul Ball, location: 2F 0-1: Foul Ball, location: 2F 0-2: Foul Ball, location: 2F 0-2: Strikes out swinging
|
|
Batting: RHB Mark Kuecker
|
0-0: Ball 1-0: Called Strike 1-1: SINGLE (Groundball, 5D, EV 99.4 MPH) Larry Kiesling to third Runner from 3rd tries for Home, SAFE, throw by LF to home
|
|
Batting: RHB Greg Tabor
|
0-0: Called Strike 0-1: Ball 1-1: Swinging Strike 1-2: SINGLE (Groundball, 56S, EV 73.1 MPH) (infield hit) Mark Kuecker to second
|
|
Batting: LHB Mark Bingham
|
0-0: Ball 1-0: Ball 2-0: Ball 3-0: Called Strike 3-1: Called Strike 3-2: Base on Balls Mark Kuecker to third Greg Tabor to second
|
|
Batting: RHB Mickey Brantley
|
0-0: Fly out, F4 (Popup, 4M, EV 56.9 MPH)
|
| Top of the 2nd over - 2 runs, 4 hits, 0 errors, 3 left on base; Batavia 2 - Oneonta 0 |
| BOTTOM OF THE 2ND |
|
Oneonta Indians batting - Pitching for Batavia Clippers : RHP Antonio Fadhel
|
|
Batting: RHB Marcos Rodriguez
|
0-0: Ball 1-0: Ball 2-0: Ground out 5-3 (Groundball, 5, EV 107.5 MPH)
|
|
Batting: RHB Richard James
|
0-0: Called Strike 0-1: Ball 1-1: Called Strike 1-2: Ball 2-2: Foul Ball, location: 2F 2-2: Ball 3-2: Foul Ball, location: 2F 3-2: Fly out, F8 (Flyball, 8LD, EV 106.3 MPH)
|
|
Batting: LHB Gary Venner
|
0-0: Ball 1-0: Ground out U3 (Groundball, 3, EV 86.3 MPH)
|
| Bottom of the 2nd over - 0 runs, 0 hits, 0 errors, 0 left on base; Batavia 2 - Oneonta 0 |
| TOP OF THE 3RD |
|
Batavia Clippers batting - Pitching for Oneonta Indians : LHP Alonso Prantera
|
|
Batting: RHB Dave Sax
|
0-0: Ball 1-0: Ball 2-0: Ball 3-0: Called Strike 3-1: SINGLE (Line Drive, 34D, EV 95.6 MPH)
|
|
Batting: RHB Glenn Carpenter
|
0-0: Ball 1-0: SINGLE (Groundball, 6MD, EV 111.3 MPH) Dave Sax to second
|
|
Batting: RHB Jerry Lomastro
|
0-0: Ball 1-0: Called Strike 1-1: Foul Ball, location: 2F 1-2: Ground out U3 (Groundball, 13, EV 86.3 MPH) Dave Sax to third Glenn Carpenter to second
|
|
Batting: RHB Larry Kiesling
|
0-0: Ball 1-0: Ball 2-0: Ball 3-0: Called Strike 3-1: Called Strike 3-2: SINGLE (Line Drive, 56, EV 103.8 MPH) Dave Sax scores Glenn Carpenter to third
|
|
Batting: RHB Jorge Gonzalez
|
0-0: Foul Ball, location: 2F 0-1: Ball 1-1: Ball 2-1: Foul Ball, location: 2F 2-2: SINGLE (Groundball, 34D, EV 96.9 MPH) Glenn Carpenter scores Larry Kiesling to second Runner from 2nd tries for 3rd, SAFE, throw by RF made to third
|
|
Batting: RHB Mark Kuecker
|
0-0: Ball 1-0: Ball 2-0: Ball 3-0: Called Strike 3-1: TRIPLE (Flyball, 8LXD, EV 97.5 MPH) Larry Kiesling scores Jorge Gonzalez scores
|
|
Pitching: LHP Rick Goodin
|
|
|
Batting: RHB Greg Tabor
|
0-0: Foul Ball, location: 2F 0-1: Ball 1-1: Foul Ball, location: 2F 1-2: Strikes out looking
|
|
Batting: LHB Mark Bingham
|
0-0: Swinging Strike 0-1: Fly out, F9 (Flyball, 89XD, EV 84.4 MPH)
|
| Top of the 3rd over - 4 runs, 5 hits, 0 errors, 1 left on base; Batavia 6 - Oneonta 0 |
| BOTTOM OF THE 3RD |
|
Oneonta Indians batting - Pitching for Batavia Clippers : RHP Antonio Fadhel
|
|
Batting: RHB Keith Flenoir
|
0-0: Ball 1-0: Called Strike 1-1: Called Strike 1-2: Ball 2-2: Foul Ball, location: 2F 2-2: Ground out 6-3 (Groundball, 6M, EV 105.0 MPH)
|
|
Batting: RHB Alberto Zappala
|
0-0: Ground out 5-3 (Groundball, 56S, EV 83.1 MPH)
|
|
Batting: LHB Steve Swinney
|
0-0: Swinging Strike 0-1: Ball 1-1: Called Strike 1-2: Strikes out swinging
|
| Bottom of the 3rd over - 0 runs, 0 hits, 0 errors, 0 left on base; Batavia 6 - Oneonta 0 |
| TOP OF THE 4TH |
|
Batavia Clippers batting - Pitching for Oneonta Indians : LHP Rick Goodin
|
|
Batting: RHB Mickey Brantley
|
0-0: Swinging Strike 0-1: Fly out, F8 (Line Drive, 8LD, EV 93.1 MPH)
|
|
Batting: RHB Dave Sax
|
0-0: Foul Ball, location: 2F 0-1: Ball 1-1: Foul Ball, location: 2F 1-2: Ball 2-2: Foul Ball, location: 2F 2-2: Ball 3-2: Reached on error, E6 (Groundball, 6, EV 102.5 MPH)
|
|
Batting: RHB Glenn Carpenter
|
0-0: Ball 1-0: Foul Ball, location: 2F 1-1: Foul Ball, location: 2F 1-2: DOUBLE (Groundball, 5L, EV 103.1 MPH) Dave Sax to third
|
|
Batting: RHB Jerry Lomastro
|
0-0: Ball 1-0: Called Strike 1-1: Ball 2-1: Foul Ball, location: 2F 2-2: Ball Wild Pitch! Dave Sax scores Glenn Carpenter to third 3-2: Base on Balls
|
|
Batting: RHB Larry Kiesling
|
0-0: Ball 1-0: Ball 2-0: Called Strike 2-1: Fly out, F7 (Line Drive, 7, EV 96.3 MPH)
|
|
Batting: RHB Jorge Gonzalez
|
0-0: Ball 1-0: Foul Ball, location: 2F 1-1: Called Strike 1-2: Ball 2-2: Fly out, F8 (Flyball, 78XD, EV 107.5 MPH)
|
| Top of the 4th over - 1 run, 1 hit, 1 error, 2 left on base; Batavia 7 - Oneonta 0 |
| BOTTOM OF THE 4TH |
|
Oneonta Indians batting - Pitching for Batavia Clippers : RHP Antonio Fadhel
|
|
Batting: RHB William Luzinski
|
0-0: Ball 1-0: Called Strike 1-1: Swinging Strike 1-2: Ball 2-2: Ball 3-2: Strikes out looking
|
|
Batting: LHB Lenny Nay
|
0-0: Called Strike 0-1: Swinging Strike 0-2: Strikes out looking
|
|
Batting: LHB Frank Martinez
|
0-0: Ball 1-0: Ball 2-0: DOUBLE (Flyball, 8RXD, EV 103.8 MPH)
|
|
Batting: RHB Marcos Rodriguez
|
0-0: SINGLE (Line Drive, 8RS, EV 98.1 MPH) Frank Martinez to third Runner from 3rd tries for Home, throw by CF and OUT! 8-2
|
| Bottom of the 4th over - 0 runs, 2 hits, 0 errors, 1 left on base; Batavia 7 - Oneonta 0 |
| TOP OF THE 5TH |
|
Batavia Clippers batting - Pitching for Oneonta Indians : LHP Rick Goodin
|
|
Batting: RHB Mark Kuecker
|
0-0: Called Strike 0-1: Foul Ball, location: 2F 0-2: Ball 1-2: Strikes out looking
|
|
Batting: RHB Greg Tabor
|
0-0: Ball 1-0: Foul Ball, location: 2F 1-1: Ground out 6-3 (Groundball, 6, EV 86.3 MPH)
|
|
Batting: LHB Mark Bingham
|
0-0: Called Strike 0-1: Ball 1-1: Swinging Strike 1-2: Ball 2-2: Foul Ball, location: 2F 2-2: SINGLE (Flyball, 5D, EV 94.4 MPH)
|
|
Batting: RHB Mickey Brantley
|
0-0: Swinging Strike 0-1: Ball 1-1: Swinging Strike 1-2: Foul Ball, location: 2F 1-2: Ball 2-2: Ball 3-2: Fly out, F9 (Flyball, 89S, EV 89.4 MPH)
|
| Top of the 5th over - 0 runs, 1 hit, 0 errors, 1 left on base; Batavia 7 - Oneonta 0 |
| BOTTOM OF THE 5TH |
|
Oneonta Indians batting - Pitching for Batavia Clippers : RHP Antonio Fadhel
|
|
Batting: RHB Richard James
|
0-0: Ball 1-0: Foul Ball, location: 2F 1-1: Ground out 6-3 (Groundball, 6, EV 86.3 MPH)
|
|
Batting: LHB Gary Venner
|
0-0: Ball 1-0: Called Strike 1-1: Called Strike 1-2: Ground out 2-3 (Groundball, 15S, EV 66.3 MPH)
|
|
Batting: RHB Keith Flenoir
|
0-0: Called Strike 0-1: Foul Ball, location: 2F 0-2: Foul Ball, location: 2F 0-2: Foul Ball, location: 2F 0-2: Strikes out looking
|
| Bottom of the 5th over - 0 runs, 0 hits, 0 errors, 0 left on base; Batavia 7 - Oneonta 0 |
| TOP OF THE 6TH |
|
Batavia Clippers batting - Pitching for Oneonta Indians : LHP Rick Goodin
|
|
Pitching: RHP James Rabe
|
|
|
Batting: RHB Dave Sax
|
0-0: Ball 1-0: Ball 2-0: Ball 3-0: Called Strike 3-1: Base on Balls
|
|
Batting: RHB Glenn Carpenter
|
0-0: Fly out, F6 (Popup, 6MS, EV 73.8 MPH)
|
|
Batting: RHB Jerry Lomastro
|
0-0: Called Strike 0-1: Ball 1-1: Foul Ball, location: 2F 1-2: Strikes out swinging
|
|
Batting: RHB Larry Kiesling
|
0-0: Swinging Strike 0-1: Ball 1-1: Foul Ball, location: 2F 1-2: Strikes out looking
|
| Top of the 6th over - 0 runs, 0 hits, 0 errors, 1 left on base; Batavia 7 - Oneonta 0 |
| BOTTOM OF THE 6TH |
|
Oneonta Indians batting - Pitching for Batavia Clippers : RHP Antonio Fadhel
|
|
Batting: RHB Alberto Zappala
|
0-0: Called Strike 0-1: Foul Ball, location: 2F 0-2: Ball 1-2: Ball 2-2: Ball 3-2: Foul Ball, location: 2F 3-2: Ground out 5-3 (Groundball, 5, EV 83.8 MPH)
|
|
Batting: LHB Steve Swinney
|
0-0: Ball 1-0: Called Strike 1-1: Ball 2-1: Foul Ball, location: 2F 2-2: Foul Ball, location: 2F 2-2: Strikes out looking
|
|
Batting: RHB William Luzinski
|
0-0: Ball 1-0: Swinging Strike 1-1: Ball 2-1: Ball 3-1: Ground out 5-3 (Groundball, 56, EV 106.3 MPH)
|
| Bottom of the 6th over - 0 runs, 0 hits, 0 errors, 0 left on base; Batavia 7 - Oneonta 0 |
| TOP OF THE 7TH |
|
Batavia Clippers batting - Pitching for Oneonta Indians : RHP James Rabe
|
|
Batting: RHB Jorge Gonzalez
|
0-0: Swinging Strike 0-1: Foul Ball, location: 2F 0-2: Ball 1-2: Strikes out swinging, 2-3 out at first.
|
|
Pinch Hitting: SHB Rafael Villaman
|
0-0: SINGLE (Line Drive, 56D, EV 96.9 MPH)
|
|
Pinch Hitting: RHB Luis Handal
|
0-0: Ball Rafael Villaman steals 2nd base 1-0: Foul Ball, location: 2F 1-1: Foul Ball, location: 2F 1-2: DOUBLE (Groundball, 5L, EV 106.9 MPH) Rafael Villaman scores
|
|
Batting: LHB Mark Bingham
|
0-0: Swinging Strike 0-1: Called Strike 0-2: Ball 1-2: Ball 2-2: Strikes out swinging
|
|
Pitching: RHP Jeff Mihlbachler
|
|
|
Pinch Hitting: LHB Ronald Naclerio
|
0-0: Ball 1-0: Called Strike 1-1: Called Strike 1-2: Ball 2-2: Foul Ball, location: 2F 2-2: Foul Ball, location: 2F 2-2: Fly out, F9 (Flyball, 89S, EV 85.0 MPH)
|
| Top of the 7th over - 1 run, 2 hits, 0 errors, 1 left on base; Batavia 8 - Oneonta 0 |
| BOTTOM OF THE 7TH |
|
Oneonta Indians batting - Pitching for Batavia Clippers : RHP Antonio Fadhel
|
|
Now at 2B: Luis Handal
|
|
|
Now at SS: Rafael Villaman
|
|
|
Now in CF: Ronald Naclerio
|
|
|
Batting: LHB Lenny Nay
|
0-0: Ball 1-0: Foul Ball, location: 2F 1-1: Called Strike 1-2: Foul Ball, location: 2F 1-2: Foul Ball, location: 2F 1-2: Ball 2-2: Ball 3-2: Base on Balls
|
|
Batting: LHB Frank Martinez
|
0-0: SINGLE (Line Drive, 9S, EV 108.1 MPH) Lenny Nay to second
|
|
Batting: RHB Marcos Rodriguez
|
0-0: Ball 1-0: Foul Ball, location: 2F 1-1: Called Strike 1-2: Grounds into double play, 6-4-3 (Groundball, 6, EV 89.4 MPH) Lenny Nay to third
|
|
Batting: RHB Richard James
|
0-0: Ball 1-0: Ball 2-0: Fly out, F8 (Flyball, 8RM, EV 92.5 MPH)
|
| Bottom of the 7th over - 0 runs, 1 hit, 0 errors, 1 left on base; Batavia 8 - Oneonta 0 |
| TOP OF THE 8TH |
|
Batavia Clippers batting - Pitching for Oneonta Indians : RHP Jeff Mihlbachler
|
|
Batting: RHB Dave Sax
|
0-0: Called Strike 0-1: Called Strike 0-2: Ball 1-2: Fly out, F9 (Flyball, 9LS, EV 86.9 MPH)
|
|
Batting: RHB Glenn Carpenter
|
0-0: Called Strike 0-1: Ball 1-1: Ball 2-1: Called Strike 2-2: Strikes out swinging
|
|
Batting: RHB Jerry Lomastro
|
0-0: Swinging Strike 0-1: Swinging Strike 0-2: Strikes out swinging
|
| Top of the 8th over - 0 runs, 0 hits, 0 errors, 0 left on base; Batavia 8 - Oneonta 0 |
| BOTTOM OF THE 8TH |
|
Oneonta Indians batting - Pitching for Batavia Clippers : RHP Antonio Fadhel
|
|
Pinch Hitting: RHB Martin Brophy
|
0-0: Ball 1-0: Called Strike 1-1: Foul Ball, location: 2F 1-2: Strikes out swinging
|
|
Batting: RHB Keith Flenoir
|
0-0: Foul Ball, location: 2F 0-1: Foul Ball, location: 2F 0-2: Strikes out swinging
|
|
Batting: RHB Alberto Zappala
|
0-0: Foul Ball, location: 2F 0-1: Foul Ball, location: 2F 0-2: Foul Ball, location: 2F 0-2: Ground out 6-3 (Groundball, 6, EV 81.9 MPH)
|
| Bottom of the 8th over - 0 runs, 0 hits, 0 errors, 0 left on base; Batavia 8 - Oneonta 0 |
| TOP OF THE 9TH |
|
Batavia Clippers batting - Pitching for Oneonta Indians : RHP Jeff Mihlbachler
|
|
Now at C: Martin Brophy
|
|
|
Batting: RHB Larry Kiesling
|
0-0: Ball 1-0: Foul Ball, location: 2F 1-1: Fly out, F6 (Line Drive, 6, EV 65.6 MPH)
|
|
Batting: RHB Jorge Gonzalez
|
0-0: Ball 1-0: Swinging Strike 1-1: Ball 2-1: Ball 3-1: Base on Balls
|
|
Batting: SHB Rafael Villaman
|
0-0: Ball 1-0: Swinging Strike 1-1: Ball 2-1: SINGLE (Groundball, 4D, EV 106.9 MPH) Jorge Gonzalez to second
|
|
Batting: RHB Luis Handal
|
0-0: Ball 1-0: Ball 2-0: Foul Ball, location: 2F 2-1: Ball 3-1: Swinging Strike 3-2: Strikes out swinging
|
|
Batting: LHB Mark Bingham
|
0-0: Swinging Strike 0-1: Foul Ball, location: 2F 0-2: Strikes out swinging
|
| Top of the 9th over - 0 runs, 1 hit, 0 errors, 2 left on base; Batavia 8 - Oneonta 0 |
| BOTTOM OF THE 9TH |
|
Oneonta Indians batting - Pitching for Batavia Clippers : RHP Antonio Fadhel
|
|
Pinch Hitting: RHB Patrick O'Hara
|
0-0: Called Strike 0-1: Swinging Strike 0-2: Ball 1-2: Foul Ball, location: 2F 1-2: Ground out 5-3 (Groundball, 56, EV 83.1 MPH)
|
|
Pinch Hitting: RHB Edward Connors
|
0-0: Ball 1-0: Ball 2-0: Called Strike 2-1: Swinging Strike 2-2: Strikes out swinging
|
|
Batting: LHB Lenny Nay
|
0-0: Foul Ball, location: 2F 0-1: Ball 1-1: Swinging Strike 1-2: Ball 2-2: Foul Ball, location: 2F 2-2: Strikes out swinging
|
| Bottom of the 9th over - 0 runs, 0 hits, 0 errors, 0 left on base; Batavia 8 - Oneonta 0 |
|